 Dungeon Crawl Stone Soup version 0.29-a0-275-g389c0b56f3 (webtiles) character file.

Game seed: 1683927610508749979

4256 HotDog the Basher (level 10, -3/61 HPs)
             Began as a Gargoyle Fighter on Mar 9, 2022.
             Was a Follower of the Shining One.
             Slain by an orc warrior
             ... wielding a +0 scimitar
              (9 damage)
             ... on level 7 of the Dungeon.
             The game lasted 00:09:01 (9620 turns).

HotDog the Basher (Gargoyle Fighter)                Turns: 9620, Time: 00:09:02

Health: -3/61      AC: 20    Str: 23    XL:     10   Next: 31%
Magic:  13/13      EV:  8    Int: 10    God:    the Shining One [*.....]
Gold:   413        SH:  0    Dex:  9    Spells: 9/9 levels left

rFire   . . .      SeeInvis .   u - +1 flail (vorpal)
rCold   . . .      Faith    .   c - +1 buckler
rNeg    + . .      Spirit   .   m - +0 chain mail
rPois   ∞          Reflect  +   p - +0 helmet
rElec   +          Harm     .   (no cloak)
rCorr   +          Rampage  .   A - +0 pair of gloves
Will    .....                   (no boots)
Stlth   ..........              n - amulet of reflection
HPRegen 0.20/turn               g - ring of resist corrosion
MPRegen 0.13/turn               (no ring)

@: confused, ambrosia-drunk, glowing
A: sickness immunity, AC +7, negative energy resistance 1, electricity
resistance, torment resistance 1, petrification resistance
a: Renounce Religion, Divine Shield


You were on level 7 of the Dungeon.
You worshipped the Shining One.
The Shining One was aware of your devotion.
You visited 2 branches of the dungeon, and saw 8 of its levels.

You collected 413 gold pieces.

Inventory:

Hand Weapons
 u - a +1 vorpal flail (weapon)
Armour
 c - a +1 buckler (worn)
 m - a +0 chain mail (worn)
 p - a +0 helmet (worn)
 A - a +0 pair of gloves (worn)
Jewellery
 g - a ring of resist corrosion (left hand)
 n - an amulet of reflection (around neck)
 B - a +4 ring of evasion
Wands
 b - a wand of acid (15)
 d - a wand of digging (11)
 l - a wand of flame (19)
Scrolls
 h - a scroll of noise
 i - a scroll of immolation
 j - 2 scrolls of vulnerability
 k - 2 scrolls of identify
 o - a scroll of fear
 y - 3 scrolls of teleportation
Potions
 a - 2 potions of mutation {unknown}
 e - a potion of magic
 f - 2 potions of brilliance
 r - a potion of ambrosia
 s - 2 potions of haste
 v - 2 potions of lignification
 w - a potion of resistance {unknown}


   Skills:
 * Level 6.3 Fighting
 * Level 9.2 Maces & Flails
 * Level 7.1 Armour
 * Level 3.5 Dodging
 * Level 7.5 Shields
 * Level 4.8 Invocations


You had 9 spell levels left.
You didn't know any spells.
Your spell library contained the following spells:

 Spells                   Type           Power      Damage    Failure   Level
 Foxfire                  Conj/Fire      0%         2x1d4     97%         1
 Magic Dart               Conj           0%         1d3       97%         1
 Searing Ray              Conj           0%         2d4       99%         2
 Conjure Flame            Conj/Fire      0%         6-21      100%        3
 Inner Flame              Hex/Fire       0%         N/A       100%        3
 Flame Wave               Conj/Fire      0%         2d4       100%        4
 Fulminant Prism          Conj/Hex       0%         3d6       100%        4
 Petrify                  Tmut/Erth      0%         N/A       100%        4
 Metabolic Englaciation   Hex/Ice        0%         N/A       100%        5
 Statue Form              Tmut/Erth      Unusable   N/A       N/A         6

Dungeon Overview and Level Annotations

Branches:
Dungeon (7/15)             Temple (1/1) D:5

Altars:
Ashenzari
Cheibriados
Gozag
Hepliaklqana
Kikubaaqudgha
Makhleb
Nemelex Xobeh
Okawaru
Qazlal
Trog
Uskayaw
Wu Jian
Xom
Yredelemnul
Zin
The Shining One


Innate Abilities, Weirdness & Mutations

You are immune to sickness and miasma.
Your stone body is resilient. (AC +7)
You are immune to poison.
You resist negative energy. (rN+)
You are resistant to electric shocks. (rElec)
You are resistant to unholy torment.
You are immune to petrification.


Message History

The orc wizard closely misses you. The orc warrior barely misses you.
The orc wizard hits you but does no damage.
You hit the orc wizard.
The orc wizard is lightly wounded.
The orc wizard barely misses you.
The orc wizard hits you but does no damage.
The orc warrior hits you with a +0 scimitar.
The orc wizard casts a spell at you.
You are more confused.
The orc warrior closely misses you.
The orc wizard attacks as you move away!
The orc wizard hits you but does no damage.
You hit the orc warrior.
The orc warrior is moderately wounded.
The orc wizard hits you but does no damage.
The orc wizard points at you and mumbles some strange words.
The puff of flame hits you but does no damage.
The orc warrior misses you.
You hit the orc wizard.
The orc wizard is moderately wounded.
The orc wizard completely misses you.
The orc wizard hits you but does no damage.
The orc warrior closely misses you.
You bump into the rock wall.
The orc wizard hits you but does no damage.
The orc wizard barely misses you.
The orc warrior hits you with a +0 scimitar.
You barely miss the orc warrior.
The orc warrior is moderately wounded.
The orc wizard hits you but does no damage.
The orc wizard casts a spell at you. The puff of flame hits you!
* * * LOW HITPOINT WARNING * * *
The orc warrior hits you with a +0 scimitar!
* * * LOW HITPOINT WARNING * * *
You are more confused.
You feel invigorated. The orc wizard barely misses you.
The orc wizard hits you but does no damage.
The orc warrior hits you with a +0 scimitar!
You die...

######## #### #......# #... .
####......#############.#. .
..........†.†............. ..
##......##########.....< ..#####
#......# #..#.#. ......# #......#
#....). ......#####....oo###
##.#).. .......o)......o@.^#
#.#... ......####.......#.#
#.#... .......#
#.[.....#.#########.#...
.......###.......#.##........#...
.....o.....#######.##........#...
......###### ....##........#...
......# #....##........####
......# ..............# ####.##
..........###.#


You could see an orc warrior and 2 orc wizards.

Vanquished Creatures
  Maggie (D:7)
  Sigmund (D:6)
  Eustachio (D:5)
  A steam dragon (D:7)
  Menkaure (D:7)
  2 water moccasins
  Duvessa (D:5)
  An orc warrior (D:7)
  2 black bears (D:7)
  2 ice beasts
  A sky beast (D:6)
  2 ogres
  4 centaurs
  A phantom (D:7)
  2 bullfrogs
  4 scorpions
  3 wights (D:6)
  Dowan (D:5)
  A water moccasin skeleton (D:4)
  5 killer bees (D:7)
  A crimson imp (D:6)
  4 hounds
  5 jellies
  5 orc priests
  5 iguanas
  4 scorpion zombies (D:4)
  8 orc wizards
  A hound zombie (D:4)
  Robin (D:3)
  A gnoll (D:1)
  6 adders
  A shadow imp (D:4)
  3 white imps
  An ufetubus (D:5)
  3 adder zombies (D:4)
  3 adder skeletons (D:4)
  4 worms
  6 dart slugs
  36 orcs
  10 endoplasms
  4 giant cockroaches
  9 goblins
  13 hobgoblins
  8 jackals (D:2)
  5 quokkas
  5 ball pythons
  2 bats (D:2)
  6 frilled lizards
  7 kobolds
  A quokka zombie (D:4)
  5 rats
210 creatures vanquished.

Notes
Turn   | Place    | Note
-------+----------+-------------------------------------------
     0 | D:1      | HotDog the Gargoyle Fighter began the quest for the Orb.
     0 | D:1      | Reached XP level 1. HP: 14/14 MP: 1/1
   208 | D:1      | Reached XP level 2. HP: 19/19 MP: 2/2
   582 | D:1      | Reached XP level 3. HP: 23/23 MP: 3/3
   958 | D:1      | Found a faded altar of an unknown god.
  1450 | D:2      | Reached XP level 4. HP: 28/29 MP: 4/4
  1470 | D:2      | Reached skill level 3 in Maces & Flails
  2150 | D:3      | Reached XP level 5. HP: 22/33 MP: 5/5
  2272 | D:3      | Noticed Robin
  2282 | D:3      | Killed Robin
  2283 | D:3      | Reached skill level 1 in Invocations
  2817 | D:3      | Reached skill level 4 in Maces & Flails
  3013 | D:4      | Noticed a water moccasin
  3026 | D:4      | Killed a water moccasin
  3027 | D:4      | Reached skill level 1 in Dodging
  3027 | D:4      | Reached XP level 6. HP: 29/38 MP: 5/7
  3717 | D:4      | Reached XP level 7. HP: 33/43 MP: 8/8
  3731 | D:4      | Reached skill level 5 in Maces & Flails
  4653 | D:5      | Entered Level 5 of the Dungeon
  5161 | D:5      | Reached XP level 8. HP: 43/48 MP: 9/9
  5227 | D:5      | Noticed Duvessa
  5227 | D:5      | Noticed Dowan
  5239 | D:5      | Killed Duvessa
  5240 | D:5      | Reached skill level 6 in Maces & Flails
  5240 | D:5      | Reached skill level 5 in Shields
  5250 | D:5      | Killed Dowan
  5689 | D:5      | Identified the +4 scale mail "Jinuclu" {Rampage rN+ Slay-4}
  5790 | D:5      | Reached skill level 5 in Armour
  5879 | D:5      | Reached skill level 5 in Fighting
  6070 | D:5      | Noticed Eustachio
  6081 | D:5      | Killed Eustachio
  6253 | D:5      | Found a staircase to the Ecumenical Temple.
  6262 | Temple   | Entered the Ecumenical Temple
  6522 | Temple   | Became a worshipper of the Shining One
  6635 | D:6      | Noticed Sigmund
  6654 | D:5      | Reached skill level 7 in Maces & Flails
  7066 | D:6      | Reached XP level 9. HP: 30/54 MP: 11/11
  7761 | D:6      | Reached * piety under the Shining One
  7841 | D:6      | Killed Sigmund
  7842 | D:6      | Reached skill level 8 in Maces & Flails
  8474 | D:7      | Noticed Menkaure
  8492 | D:7      | Killed Menkaure
  8753 | D:7      | Reached XP level 10. HP: 53/60 MP: 13/13
  9450 | D:7      | Reached skill level 9 in Maces & Flails
  9565 | D:7      | Noticed Maggie
  9592 | D:7      | Killed Maggie
  9619 | D:7      | HP: 1/61 [orc warrior/+0 scimitar (13)]
  9620 | D:7      | Slain by an orc warrior

Illustrated notes

Levels and vault maps discovered:
D:1:      matt_arrival_spirals, layout_basic,
          hellmonk_ecumenical_altar_inner_sanctum, minmay_misc_feat_ornament
D:2:      layout_loops_cross
D:3:      layout_rooms, uniq_robin
D:4:      layout_cave_pods, serial_undead, serial_undead_c, serial_undead_a,
          serial_undead_a, serial_undead_f, serial_undead_d,
          kennysheep_another_room
D:5:      layout_gridville, temple_hall, supply_closet_lemuel, uniq_duvessa,
          uniq_eustachio
D:6:      layout_rooms, hangedman_decor_lopped, minmay_fire_ice_demons,
          uniq_sigmund
D:7:      layout_basic, minmay_misc_feat_four_crosses, minmay_alternating_orb,
          uniq_menkaure, uniq_maggie
Temple:   mainiacjoe_temple_big_plus

Skill      XL: |  1  2  3  4  5  6  7  8  9 10 |
---------------+-------------------------------+-----
Maces & Flails | 3 4 5 7 8 9 |  9.2
Armour         | 4 5 6 7 |  7.1
Invocations    | 1 2 3 4 |  4.8
Fighting       | 4 5 6 |  6.3
Dodging        | 1 2 3 |  3.5
Shields        | 4 5 7 |  7.5

Action                   |  1- 3 |  4- 6 |  7- 9 | 10-12 || total
-------------------------+-------+-------+-------+-------++-------
Melee: Flail             |    84 |   298 |   360 |   111 ||   853
Invok: Divine Shield     |       |       |       |     1 ||     1
  Use: Potion            |       |     6 |     3 |     5 ||    14
       Scroll            |       |     3 |       |     6 ||     9
Armor: Scale mail        |    50 |   172 |       |       ||   222
       Chain mail        |       |    25 |   186 |    64 ||   275
Dodge: Dodged            |    50 |   149 |   101 |    40 ||   340
Block: Buckler           |    16 |   142 |   207 |    81 ||   446
       Reflection        |       |     3 |    10 |       ||    13

Table legend: (Time is in decaauts)
 A = Elapsed time spent in this place.
 B = Non-inter-level travel time spent in this place.
 C = Inter-level travel time spent in this place.
 D = Time resting spent in this place.
 E = Time spent auto-exploring this place.
 F = Levels seen in this place.
 G = Mean time per level.
                   A        B        C        D        E       F      G
               +--------+--------+--------+--------+--------+-----+--------+
         Total |   9727 |   9444 |    283 |   1784 |   5890 |   8 | 1215.9 |
       Dungeon |   9444 |   9182 |    262 |   1784 |   5650 |   7 | 1349.1 |
        Temple |    282 |    261 |     21 |      0 |    240 |   1 |  282.0 |
               +--------+--------+--------+--------+--------+-----+--------+

Top non-repeatable levels by time:
     D:5: 2008 daAuts
     D:4: 1742 daAuts
     D:7: 1451 daAuts
     D:6: 1233 daAuts
     D:2: 1104 daAuts
     D:1: 995 daAuts
     D:3: 908 daAuts
  Temple: 282 daAuts
